 Dungeon Crawl Stone Soup version 0.15.2 (webtiles) character file.

109460 Rgib the Whirler (level 16, -17/135 HPs)
             Began as a Minotaur Berserker on Dec 26, 2014.
             Was a High Priest of Trog.
             Killed from afar by a deep elf annihilator (40 damage)
             ... with a crystal spear
             ... on Level 1 of the Elven Halls on Dec 30, 2014.
             The game lasted 10:05:26 (43887 turns).

Rgib the Whirler (Minotaur Berserker)              Turns: 43887, Time: 10:05:26

HP -17/135       AC 29     Str 26      XL: 16   Next:  4%
MP  22/22        EV 10     Int 10 (13) God: Trog [*****.]
Gold 1191        SH 18     Dex 14      Spells:  0 memorised, 15 levels left

rFire  . . .     SeeInvis .     l - +3 morningstar (venom)
rCold  . . .     Clarity  .     H - +7 chain mail "Afeluwo" {Str+2 Int+3}
rNeg   + . .     rCorr    +     C - +5 shield
rPois  +         rRot     .     I - +0 hat of the Ditch-Digger {Dex+2 Int+2}
rElec  .         Spirit   .     d - +2 cloak
SustAb .         Warding  .     K - +2 pair of gloves {archery}
rMut   .         Stasis   .     F - +2 pair of boots of the Assassin {Stlth++}
Gourm  .                        z - amulet of resist corrosion
MR     +++..                    N - ring of poison resistance
                                G - ring "Nicyth" {rN+ Dex+1}

@: exhausted, regenerating, slowed, drained, very slow, extremely resistant to
hostile enchantments, extremely unstealthy
A: retaliatory headbutt, horns 2, mutation resistance 1
a: Burn Spellbooks, Berserk, Trog's Hand, Brothers in Arms, Renounce Religion


You were on level 1 of the Elven Halls.
You worshipped Trog.
Trog was extremely pleased with you.
You were hungry.

You visited 6 branches of the dungeon, and saw 28 of its levels.

You collected 6380 gold pieces.
You spent 5189 gold pieces at shops.

Inventory:

Hand weapons
 a - a +3 hand axe of electrocution
 e - a +4 hunting sling of flaming
 g - the +4 hunting sling "Newtbane" {venom, Int-2}
   (You acquired it on level 15 of the Dungeon)

   It poisons the ammo it fires.
   It affects your intelligence (-2).
 l - a +3 morningstar of venom (weapon)
 t - a +3 greatsling of freezing
 O - a +2 flail of draining
 R - a +3 spear of freezing
 W - a +2 morningstar of holy wrath
 Y - a +4 demon blade of flaming
Missiles
 i - 3 tomahawks of returning
 p - 6 javelins of returning (quivered)
 u - 8 silver sling bullets
 x - 53 tomahawks
 A - 19 poisoned sling bullets
 M - 5 sling bullets of frost
 S - 2 sling bullets of flame
Armour
 d - a +2 cloak (worn)
 C - a +5 shield (worn)
 F - the +2 pair of boots of the Assassin (worn) {Stlth++}
   (You found it on level 9 of the Dungeon)

   It makes you much more stealthy.
 H - the +7 chain mail "Afeluwo" (worn) {Str+2 Int+3}
   (You found it on level 9 of the Dungeon)

   It affects your strength (+2).
   It affects your intelligence (+3).
 I - the +0 hat of the Ditch-Digger (worn) {Dex+2 Int+2}
   (You found it on level 14 of the Dungeon)

   It affects your intelligence (+2).
   It affects your dexterity (+2).
 K - a +2 pair of gloves of archery (worn)
Magical devices
 b - a wand of enslavement (8)
 v - a wand of slowing (8)
 J - a wand of digging (15)
Comestibles
 c - 8 bread rations
 j - a chunk of elf flesh
 k - a chunk of elf flesh
 n - 3 slices of pizza
 o - 14 meat rations
 y - a beef jerky
 U - 2 royal jellies
 V - 3 fruits
Scrolls
 h - 7 scrolls of teleportation
 B - 3 scrolls of magic mapping
 D - 9 scrolls of fear
 E - a scroll of enchant armour
 L - a scroll of blinking
 P - 5 scrolls of remove curse
 Q - a scroll of fog
 X - 8 scrolls of identify
Jewellery
 z - an amulet of resist corrosion (around neck)
 G - the ring "Nicyth" (left hand) {rN+ Dex+1}
   (You found it on level 13 of the Dungeon)

   [ring of positive energy]

   It affects your dexterity (+1).
   It protects you from negative energy.
 N - a ring of poison resistance (right hand)
 T - an uncursed ring of flight
Potions
 f - 3 potions of brilliance
 m - 12 potions of curing
 q - a potion of cure mutation
 r - 2 potions of agility
 s - a potion of resistance
 w - a potion of cancellation


   Skills:
 + Level 10.5(10.2) Fighting
 + Level 1.3(1.1) Long Blades
 + Level 6.4(8.6) Axes
 + Level 9.5(10.0) Maces & Flails
 + Level 1.6(4.0) Polearms
 + Level 19.6(19.5) Slings
 + Level 5.9(13.1) Throwing
 + Level 11.9(11.6) Armour
 + Level 9.9(9.6) Dodging
 + Level 10.5(10.2) Shields
 + Level 7.2(6.9) Evocations


You had 15 spell levels left.
You didn't know any spells.

Dungeon Overview and Level Annotations

Branches:
Dungeon (15/15)            Temple (1/1) D:6             Orc (4/4) D:11
    Elf (1/3) Orc:4          Lair (5/8) D:11          Swamp (0/5) Lair:5
  Snake (2/5) Lair:3       Vaults (0/5) D:13         Depths (0/5) D:15

Altars:
Ashenzari
Cheibriados
Dithmenos
Elyvilon
Fedhas
Kikubaaqudgha
Makhleb
Nemelex Xobeh
Okawaru
Qazlal
Sif Muna
Trog
Vehumet
Xom
Yredelemnul
Zin
The Shining One
Beogh

Shops:
D:8 *   D:10 !**   D:12 ??*:=   Orc:2 !=?   Orc:3 (   Orc:4 [}?(:

Annotations:
Orc:2 1 exclusion


Innate Abilities, Weirdness & Mutations

You reflexively headbutt those who attack you in melee.
You have a pair of horns on your head.
You are somewhat resistant to further mutation.


Message History

Trog accepts your kill.
The orc sorcerer gestures at you while chanting.
The bolt of negative energy hits you! You partially resist.
You feel drained.
* * * LOW HITPOINT WARNING * * *
You block the orange demon's attack. The orc warrior completely misses you.
You furiously retaliate!
You headbutt the orc warrior!! You closely miss the orc warrior.
You headbutt the orc warrior.
The orc warrior is almost dead.
The orange demon stings you from afar.
* * * LOW HITPOINT WARNING * * *
You hammer the orc warrior like a gong!!!
You kill the orc warrior!
Trog accepts your kill.
You are no longer berserk.
You are exhausted.
You feel yourself slow down.
You are feeling hungry.
The deep elf annihilator casts a spell at you.
The crystal spear hits you!
You die...

... #..≈ ... #..≈
..# #+# #.≈≈ ##.#
#.# ##.≈≈ ###..#
#.# #..≈≈ #..Xe#
#.# #..≈≈ ##.o4.#
#.# #..≈≈ #.4oo)#
#.# #...≈
{{#@#####'###
##...≈
##(##.....###..###
##'.......##.##
##...........#
#...........##
+...........#
#...........#
#...........#
#...........#


You could see a deep elf annihilator, an orc high priest, an orange demon, a
large abomination, a hellwing, an orc sorcerer and an orc.

Vanquished Creatures
  A frost giant (D:14)
  Azrael (D:15)
  An ettin (D:14)
  Harold (Orc:4)
  3 naga warriors (Snake:2)
  5 hydras
  2 centaur warriors
  An anaconda (Snake:2)
  2 ogre magi (D:15)
  4 orc high priests
  4 tengu warriors
  6 naga sharpshooters (Snake:2)
  2 sea snakes (Snake:2)
  A hell knight (D:15)
  10 skeletal warriors
  3 deep elf knights
  2 wizards
  A naga ritualist (Snake:2)
  6 hill giants
  3 unseen horrors
  8 orc knights
  3 manticores
  A mana viper (Snake:2)
  12 ugly things
  A wolf spider zombie (D:15)
  A griffon (Lair:5)
  A wolf spider (D:15)
  4 orc sorcerers (Orc:4)
  A deep elf conjurer (Orc:4)
  2 cyclopes (D:14)
  10 slime creatures
  An elephant (D:11)
  12 black mambas
  3 salamanders
  2 centaur zombies
  Joseph (Orc:1)
  3 guardian serpents (Snake:2)
  3 gargoyles
  13 spiny frogs
  An iron devil (Elf:1)
  3 yaktaurs (D:15)
  5 naga magi
  4 komodo dragons
  A freezing wraith (D:13)
  A tengu conjurer (D:13)
  5 fire drakes
  A deep elf priest (Elf:1)
  5 trolls
  8 two-headed ogres
  A queen bee (shapeshifter) (D:15)
  A hydra skeleton (D:14)
  6 ravens
  A fire dragon zombie (D:15)
  24 blink frogs
  3 basilisks
  A human (D:9)
  6 deep elf magi
  3 water elementals (D:15)
  4 spriggans (Lair:5)
  13 yaks
  2 hungry ghosts (D:11)
  A griffon skeleton (D:15)
  2 hogs (D:9)
  8 hippogriffs
  A shadow (D:15)
  A wyvern (D:11)
  5 wraiths
  A yak (shapeshifter) (D:15)
  4 deep elf fighters (Elf:1)
  A fire elemental (D:15)
  4 vampire mosquitoes
  12 nagas
  3 wargs
  6 swamp worms (Lair:5)
  15 wolves
  Edmund (D:4)
  A hill giant skeleton (D:12)
  Menkaure (D:4)
  20 water moccasins
  8 porcupines
  4 hell hounds (D:15)
  3 mottled dragons
  A soldier ant (D:11)
  A black bear (shapeshifter) (D:14)
  5 ice beasts
  37 orc warriors
  2 black bears
  A phantom (D:4)
  A manticore zombie (D:11)
  2 sky beasts
  18 centaurs
  20 ogres
  6 crocodiles
  Sigmund (D:5)
  A gnoll sergeant (D:13)
  2 big kobolds
  23 giant frogs
  A yaktaur skeleton (D:14)
  2 scorpions
  3 eyes of draining
  3 killer bees (D:10)
  6 electric eels
  8 jellies
  2 tengu skeletons (D:15)
  12 wights
  14 hounds
  5 goliath beetles
  29 orc priests
  Crazy Yiuf (D:4)
  An elf zombie (Elf:1)
  14 crimson imps
  A black bear skeleton (D:6)
  8 worker ants
  A giant frog skeleton (D:10)
  37 orc wizards
  11 iguanas
  A killer bee zombie (D:6)
  11 sheep
  An ogre zombie (D:8)
  A mottled dragon zombie (D:11)
  Ijyb (D:2)
  A hound skeleton (D:6)
  7 gnolls
  20 adders
  27 green rats
  5 orc zombies (Orc:4)
  2 shadow imps
  A white imp (D:5)
  3 giant mites (D:3)
  3 worms
  An adder zombie (D:6)
  3 iguana skeletons
  3 orc skeletons
  171 orcs
  8 bats
  A bat zombie (D:8)
  A giant mite zombie (D:6)
  21 hobgoblins
  9 jackals
  11 quokkas
  2 ball pythons (D:2)
  6 giant cockroaches
  2 giant geckos
  4 giant newts (D:1)
  2 giant spores
  21 goblins
  2 goblin skeletons (D:5)
  5 goblin zombies (D:5)
  A hobgoblin skeleton (D:7)
  4 hobgoblin zombies (D:5)
  20 kobolds
  A kobold skeleton (D:5)
  2 kobold zombies
  19 rats
  46 ballistomycetes
  2 fungi
  15 plants
1089 creatures vanquished.

Vanquished Creatures (others)
  A tengu conjurer (D:13)
  A raven (D:13)
  2 orc zombies (Orc:4)
  An electric eel (D:13)
  A crimson imp (D:13)
  4 giant spores
  A fungus (Lair:4)
  10 plants
21 creatures vanquished.

Grand Total: 1110 creatures vanquished

Notes
Turn   | Place    | Note
--------------------------------------------------------------
     0 | D:1      | Rgib, the Minotaur Berserker, began the quest for the Orb.
     0 | D:1      | Reached XP level 1. HP: 19/19 MP: 1/1
   117 | D:1      | Reached skill level 4 in Axes
   329 | D:1      | Reached XP level 2. HP: 27/27 MP: 1/1
  1075 | D:2      | Found a bloodstained altar of Trog.
  1099 | D:2      | Noticed Ijyb
  1112 | D:2      | Reached XP level 3. HP: 26/33 MP: 2/2
  1126 | D:2      | Killed Ijyb
  1380 | D:2      | Acquired Trog's second power
  1723 | D:3      | Reached XP level 4. HP: 36/40 MP: 2/2
  1730 | D:2      | Reached skill level 1 in Slings
  2218 | D:3      | Reached skill level 5 in Axes
  2415 | D:3      | Reached XP level 5. HP: 46/46 MP: 2/2
  2995 | D:4      | Noticed Menkaure
  3001 | D:4      | Killed Menkaure
  3001 | D:4      | Reached XP level 6. HP: 49/53 MP: 3/3
  3573 | D:4      | Noticed Crazy Yiuf
  3577 | D:4      | Killed Crazy Yiuf
  3743 | D:4      | Noticed an ogre
  3749 | D:4      | Killed an ogre
  3834 | D:4      | Noticed Edmund
  3884 | D:4      | Killed Edmund
  3884 | D:4      | Reached skill level 5 in Slings
  3884 | D:4      | Reached XP level 7. HP: 44/60 MP: 3/3
  4322 | D:5      | Entered Level 5 of the Dungeon
  4359 | D:5      | Noticed Sigmund
  4361 | D:5      | Killed Sigmund
  4361 | D:5      | Reached skill level 1 in Evocations
  4439 | D:5      | Reached skill level 1 in Throwing
  4555 | D:5      | Reached skill level 6 in Slings
  4762 | D:5      | Found a glowing golden altar of the Shining One.
  4930 | D:5      | Reached skill level 5 in Armour
  5489 | D:6      | Reached XP level 8. HP: 67/67 MP: 5/5
  5767 | D:6      | Reached skill level 7 in Slings
  5843 | D:6      | Reached skill level 1 in Maces & Flails
  5871 | D:6      | Reached skill level 5 in Fighting
  6083 | D:6      | Found a burning altar of Makhleb.
  6085 | D:6      | Identified a scroll of acquirement
  6328 | D:6      | Reached skill level 8 in Slings
  6430 | D:6      | Found a staircase to the Ecumenical Temple.
  6435 | Temple   | Entered the Ecumenical Temple
  7542 | D:7      | Reached skill level 9 in Slings
  7542 | D:7      | Reached XP level 9. HP: 66/74 MP: 6/6
  7582 | D:7      | Found a radiant altar of Vehumet.
  7582 | D:7      | Found a burning altar of Makhleb.
  7706 | D:7      | Received a gift from Trog
  7764 | D:7      | Found an iron altar of Okawaru.
  7764 | D:7      | Found a deep blue altar of Sif Muna.
  8226 | D:7      | Found Zin's Purification Station.
  8227 | D:7      | Found a glowing silver altar of Zin.
  8240 | D:7      | Bought a potion of curing for 60 gold pieces
  8691 | D:8      | Reached skill level 10 in Slings
  8846 | D:8      | Found a stormy altar of Qazlal.
  8896 | D:8      | Received a gift from Trog
  9101 | D:8      | Found a bloodstained altar of Trog.
  9568 | D:8      | Found Weefriaf's Assorted Antiques.
  9571 | D:8      | Bought a pair of boots for 148 gold pieces
  9571 | D:8      | Bought a scroll of identify for 66 gold pieces
  9571 | D:8      | Bought a shield for 148 gold pieces
  9916 | D:9      | Reached skill level 11 in Slings
  9918 | D:9      | Reached XP level 10. HP: 73/82 MP: 8/9
 10158 | D:9      | Got a distressingly furry chain mail
 10661 | D:9      | Identified the +7 chain mail "Afeluwo" {Str+2 Int+3} (You found it on level 9 of the Dungeon)
 10670 | D:9      | Found a sparkling altar of Nemelex Xobeh.
 11256 | D:9      | Found a snail-covered altar of Cheibriados.
 11626 | D:10     | Entered Level 10 of the Dungeon
 11626 | D:10     | Noticed a hill giant
 11812 | D:9      | Killed a hill giant
 12259 | D:10     | Acquired Trog's third power
 12259 | D:10     | Reached skill level 1 in Shields
 12400 | D:10     | Reached skill level 5 in Dodging
 12511 | D:10     | Found Ziokang's General Store.
 12525 | D:10     | Reached skill level 12 in Slings
 12618 | D:10     | Bought a wand of disintegration (13) for 204 gold pieces
 12623 | D:10     | Found Rulog's Assorted Antiques.
 12761 | D:10     | Bought a scroll labeled VEUHUAVOA for 19 gold pieces
 12761 | D:10     | Bought a glowing flail for 66 gold pieces
 12848 | D:10     | Found Kuatrat's Distillery.
 12933 | D:10     | Bought a potion of mutation for 40 gold pieces
 12934 | D:10     | Gained mutation: You are somewhat resistant to further mutation. [potion of mutation]
 13194 | D:11     | Received a gift from Trog
 13262 | D:11     | Reached XP level 11. HP: 63/89 MP: 11/11
 13390 | D:11     | Noticed a hill giant
 13400 | D:11     | Killed a hill giant
 13573 | D:11     | Reached skill level 5 in Maces & Flails
 13691 | D:11     | Found a staircase to the Orcish Mines.
 13766 | D:11     | Found a staircase to the Lair.
 13838 | D:11     | Noticed an elephant
 13862 | D:11     | Killed an elephant
 14289 | D:11     | Reached skill level 13 in Slings
 14919 | D:11     | Noticed a hill giant
 14928 | D:11     | Killed a hill giant
 15374 | Lair:1   | Entered Level 1 of the Lair of Beasts
 15742 | Lair:1   | Received a gift from Trog
 16313 | Lair:1   | Reached skill level 14 in Slings
 16325 | Lair:1   | Reached XP level 12. HP: 67/100 MP: 14/14
 16523 | Lair:1   | Reached skill level 5 in Shields
 17390 | Orc:1    | Entered Level 1 of the Orcish Mines
 17614 | D:10     | Bought a scroll of enchant armour for 90 gold pieces
 17686 | D:12     | Found Viesk's General Store.
 17741 | D:12     | Found Tras' Magic Scroll Emporium.
 18403 | D:12     | Found Sihideca's Jewellery Shop.
 18782 | D:12     | Bought a scroll of recharging for 142 gold pieces
 18782 | D:12     | Bought a scroll of identify for 30 gold pieces
 18799 | D:12     | Found Crafyijo's Magic Scroll Shoppe.
 19644 | D:12     | Reached skill level 1 in Polearms
 19761 | D:12     | Found Jongikh's Book Boutique.
 20104 | Lair:2   | Reached skill level 15 in Slings
 20175 | Lair:2   | Reached skill level 5 in Evocations
 20339 | Lair:2   | Reached skill level 10 in Armour
 20506 | Lair:2   | Received a gift from Trog
 21437 | Orc:2    | Found Uhis' Magic Scroll Boutique.
 21531 | Orc:2    | Found Qyamag Oxiqe's Distillery.
 21602 | Orc:2    | Found Waumad's Jewellery Boutique.
 21626 | Orc:2    | Bought a scroll of enchant armour for 105 gold pieces
 22247 | D:13     | Got a shimmering trident
 22281 | D:13     | Identified the +7 trident "Trekh" {pierce, rElec rC+} (You found it on level 13 of the Dungeon)
 22372 | D:11     | Reached XP level 13. HP: 78/108 MP: 17/17
 24560 | D:13     | Noticed an eight-headed hydra
 24579 | D:13     | Killed a five-headed hydra
 24696 | D:13     | Found a gate to the Vaults.
 24756 | D:13     | Got a glittering granite ring
 24762 | D:13     | Identified the ring "Nicyth" {rN+ Dex+1} (You found it on level 13 of the Dungeon)
 24863 | D:13     | Reached skill level 16 in Slings
 25390 | Lair:3   | Found a staircase to the Snake Pit.
 25855 | Lair:3   | Received a gift from Trog
 26692 | Orc:2    | Received a gift from Trog
 27310 | Orc:1    | Noticed Joseph
 27326 | Orc:1    | Killed Joseph
 27571 | Orc:2    | Bought a scroll of teleportation for 42 gold pieces
 27571 | Orc:2    | Bought a scroll of remove curse for 42 gold pieces
 27571 | Orc:2    | Bought a scroll of identify for 28 gold pieces
 27571 | Orc:2    | Bought a scroll of identify for 28 gold pieces
 27645 | D:12     | Bought a scroll of enchant weapon for 90 gold pieces
 27645 | D:12     | Bought a scroll of enchant armour for 90 gold pieces
 27645 | D:12     | Bought a scroll of enchant weapon for 90 gold pieces
 27670 | D:12     | Bought a scroll of enchant weapon for 112 gold pieces
 28644 | D:14     | Got an ichor-stained hat
 28650 | D:14     | Identified the +0 hat of the Ditch-Digger {Dex+2 Int+2} (You found it on level 14 of the Dungeon)
 28740 | D:14     | Received a gift from Trog
 28976 | D:14     | Noticed a frost giant
 28989 | D:14     | Killed a frost giant
 28989 | D:14     | Reached XP level 14. HP: 89/118 MP: 18/18
 29193 | D:14     | Received a gift from Trog
 29392 | D:14     | Reached skill level 17 in Slings
 29917 | D:14     | Received a gift from Trog
 30202 | D:12     | Bought 3 scrolls of recharging for 427 gold pieces
 30202 | D:12     | Bought a scroll of remove curse for 45 gold pieces
 30315 | D:8      | Bought a fine trident for 280 gold pieces
 30315 | D:8      | Bought a scroll of enchant armour for 247 gold pieces
 30315 | D:8      | Bought a scroll of enchant weapon for 247 gold pieces
 30631 | Lair:2   | Identified the +4 trident of Tummyu Khee {pierce, rElec Str+4} (You bought it in a shop on level 8 of the Dungeon)
 30828 | Lair:4   | Found a radiant altar of Vehumet.
 30848 | Lair:4   | Received a gift from Trog
 31793 | Snake:1  | Entered Level 1 of the Snake Pit
 32736 | Orc:3    | Received a gift from Trog
 32898 | Orc:3    | Found Vierioh Chiz's Antique Weapon Emporium.
 33089 | Orc:3    | Found a roughly hewn altar of Beogh.
 33195 | Orc:3    | Bought a glowing halberd for 104 gold pieces
 33797 | Orc:4    | Entered Level 4 of the Orcish Mines
 33797 | Orc:4    | Found Amewi's Book Shop.
 34282 | Orc:4    | Received a gift from Trog
 34466 | Orc:4    | Found a staircase to the Elven Halls.
 34494 | Orc:4    | Noticed Harold
 34507 | Orc:4    | Killed Harold
 34577 | Orc:4    | Paralysed by an orc sorcerer for 2 turns
 34597 | Orc:4    | Found Daeklull's Antique Weapon Emporium.
 34883 | Orc:4    | Received a gift from Trog
 35060 | Orc:4    | Reached skill level 18 in Slings
 35332 | Orc:4    | Reached skill level 5 in Throwing
 35533 | Orc:4    | Found Adam's Magic Scroll Boutique.
 35533 | Orc:4    | Found Heedora's Gadget Boutique.
 35545 | Orc:4    | Found Elominoi's Antique Armour Emporium.
 35565 | Orc:4    | Bought a slimy cloak for 228 gold pieces
 35576 | Orc:4    | Identified the cursed -3 cloak of Priptum {Str+3 Int+4} (You bought it in a shop on level 4 of the Orcish Mines)
 35590 | Orc:4    | Bought a wand of frost (15) for 136 gold pieces
 35590 | Orc:4    | Bought a wand of lightning (4) for 128 gold pieces
 35590 | Orc:4    | Bought a wand of fire (2) for 192 gold pieces
 35606 | Orc:4    | Bought a scroll of acquirement for 572 gold pieces
 35606 | Orc:4    | Bought a scroll of enchant armour for 82 gold pieces
 35606 | Orc:4    | Bought a scroll of recharging for 104 gold pieces
 35611 | Orc:4    | Bought 3 scrolls of enchant armour for 247 gold pieces
 35611 | Orc:4    | Bought a scroll of remove curse for 33 gold pieces
 35616 | Orc:4    | Bought a runed trident for 87 gold pieces
 36013 | D:12     | Bought a scroll of remove curse for 36 gold pieces
 36013 | D:12     | Bought a scroll of identify for 24 gold pieces
 36013 | D:12     | Bought a scroll of blinking for 90 gold pieces
 36093 | D:15     | Entered Level 15 of the Dungeon
 36239 | D:15     | Got a transparent hunting sling
 36240 | D:15     | Identified the +4 hunting sling "Newtbane" {venom, Int-2} (You acquired it on level 15 of the Dungeon)
 36333 | D:15     | Noticed Azrael
 36352 | D:15     | Killed Azrael
 36754 | D:15     | Reached XP level 15. HP: 126/126 MP: 20/20
 37031 | D:15     | Received a gift from Trog
 37365 | D:14     | Reached skill level 10 in Fighting
 38275 | D:15     | Found a staircase to the Depths.
 38293 | D:15     | Reached skill level 1 in Long Blades
 39634 | Lair:5   | Received a gift from Trog
 40390 | Lair:5   | Received a gift from Trog
 40421 | Lair:5   | Reached skill level 10 in Shields
 40703 | Lair:5   | Reached skill level 19 in Slings
 40750 | Lair:5   | Found a staircase to the Swamp.
 41148 | Orc:2    | Bought an uncursed ring of poison resistance for 240 gold pieces
 43360 | Snake:2  | Reached XP level 16. HP: 130/135 MP: 22/22
 43790 | Elf:1    | Entered Level 1 of the Elven Halls
 43857 | Elf:1    | Received a gift from Trog
 43887 | Elf:1    | Killed from afar by a deep elf annihilator

Action                   |  1- 3 |  4- 6 |  7- 9 | 10-12 | 13-15 | 16-18 || total
-------------------------+-------+-------+-------+-------+-------+-------++-------
Melee: Hand axe          |    51 |    72 |       |    27 |   313 |       ||   463
       Scythe            |       |       |    16 |       |       |       ||    16
       Flail             |       |       |   119 |   336 |       |       ||   455
       Morningstar       |       |       |       |   195 |   682 |    31 ||   908
       Spear             |       |       |       |   106 |    32 |       ||   138
       Quarterstaff      |       |       |       |     3 |       |       ||     3
       Demon blade       |       |       |       |       |    36 |       ||    36
       War axe           |       |       |       |       |    13 |       ||    13
 Fire: Hunting sling     |    44 |    70 |   233 |   615 |  1063 |    15 ||  2040
       Greatsling        |       |       |    11 |    55 |    67 |       ||   133
Throw: Stone             |     3 |       |    11 |       |       |       ||    14
       Tomahawk          |       |     2 |    12 |    18 |    24 |       ||    56
       Javelin           |       |       |     4 |    43 |    89 |       ||   136
Invok: Trog's Hand       |       |     1 |       |     6 |    13 |     1 ||    21
       Berserk           |       |     1 |       |     4 |     8 |     1 ||    14
       Burn Spellbooks   |       |       |       |     1 |     5 |       ||     6
 Abil: Evoke Flight      |       |       |       |       |     2 |       ||     2
Evoke: Wand              |       |     5 |    45 |    93 |   118 |       ||   261
  Use: Scroll            |     5 |     7 |    13 |    22 |    34 |       ||    81
       Potion            |     3 |     1 |     3 |     3 |     4 |       ||    14
  Eat: Chunk             |     2 |     7 |    20 |    39 |    62 |     2 ||   132
       Beef jerky        |       |       |       |     2 |     4 |       ||     6
       Fruit             |       |       |       |     2 |       |       ||     2
       Pizza             |       |       |       |       |     6 |       ||     6
